 Dungeon Crawl Stone Soup version 0.17-a0-229-g5ae695d (webtiles) character file.

71108 xeno23 the Destroyer (level 14, -3/124 HPs)
             Began as a Purple Draconian Conjurer on Mar 28, 2015.
             Was a High Priest of Vehumet.
             Slain by a small abomination (17 damage)
             ... created by a deep elf priest
             ... on level 2 of the Orcish Mines on Mar 29, 2015.
             The game lasted 04:50:52 (35266 turns).

xeno23 the Destroyer (Purple Draconian Conjurer)   Turns: 35266, Time: 04:50:52

Health: -3/124     AC: 19    Str: 15      XL:     14   Next: 96%
Magic:  14/32      EV: 19    Int: 17 (21) God:    Vehumet [*****.]
Gold:   2047       SH:  0    Dex: 14      Spells: 9 memorised, 4 levels left

rFire  x . .     SeeInvis .     A - +4 whip (elec)
rCold  + . .     Clarity  .     (armour unavailable)
rNeg   + . .     SustAb   .     (no shield)
rPois  .         Gourm    .     P - +2 hat {MR+}
rElec  .         Spirit   .     x - +2 cloak {+Inv}
rCorr  .         Warding  +     J - +2 pair of gloves {Dex+3}
rMut   .         Stasis   .     p - +2 pair of boots
MR     +++..                    e - amulet of warding
Stlth  ++........               t - +4 ring of strength
                                K - ring of ice

@: starving, extremely resistant to hostile enchantments, unstealthy
A: breathe power, unfitting armour, cold-blooded, AC +8
a: Breathe Dispelling Energy, Renounce Religion, Evoke Invisibility


You were on level 2 of the Orcish Mines.
You worshipped Vehumet.
Vehumet was extremely pleased with you.
You were starving.

You visited 4 branches of the dungeon, and saw 24 of its levels.

You collected 2129 gold pieces.
You spent 82 gold pieces at shops.

Inventory:

Hand weapons
 A - a +4 whip of electrocution (weapon)
Missiles
 a - 18 javelins (quivered)
 G - a throwing net
Armour
 o - a +0 buckler
 p - a +2 pair of boots (worn)
 x - a +2 cloak of invisibility (worn)
 J - a +2 pair of gloves of dexterity (worn)
 P - a +2 hat of magic resistance (worn)
Jewellery
 e - an amulet of warding (around neck)
 t - a +4 ring of strength (right hand)
 E - an uncursed ring of see invisible
 K - a ring of ice (left hand)
Magical devices
 v - a wand of lightning (12)
 R - a wand of digging (3)
Scrolls
 d - 5 scrolls of fear
 j - 6 scrolls of recharging
 B - 3 scrolls of fog
 L - a scroll of blinking
 W - 2 scrolls of silence
 Y - a scroll of amnesia
 Z - 3 scrolls of teleportation
Potions
 g - 3 potions of flight
 k - 4 potions of brilliance
 l - a potion of restore abilities
 q - 2 potions of lignification
 r - 6 potions of agility
 s - a potion of invisibility
 u - 6 potions of might
 w - 2 potions of magic
 D - a potion of resistance
 F - 6 potions of curing
 N - 2 potions of berserk rage
 O - 3 potions of haste
 U - 2 potions of ambrosia
Miscellaneous
 M - a phial of floods
Comestibles
 b - 14 bread rations
 c - 4 chunks of flesh
 h - 12 meat rations


   Skills:
 - Level 11.0 Fighting
 * Level 9.6 Maces & Flails
   Level 0.2 Polearms
 - Level 11.0 Dodging
 - Level 2.1 Stealth
 - Level 5.4 Shields
 * Level 10.9 Spellcasting
 - Level 12.1 Conjurations
 - Level 8.4 Charms
 - Level 5.0 Translocations
 * Level 7.7 Ice Magic


You had 4 spell levels left.
You knew the following spells:

 Your Spells              Type           Power        Failure   Level  Hunger
a - Magic Dart            Conj           ####         1%          1    None
b - Blink                 Tloc           N/A          1%          2    None
c - Iskenderun's Battles  Conj/Chrm      #####...     1%          5    #####..
d - Bolt of Cold          Conj/Ice       ######....   5%          6    ######.
e - Mephitic Cloud        Conj/Pois/Air  ###.....     1%          3    None
q - Iskenderun's Mystic   Conj           ######..     1%          4    ###....
r - Repel Missiles        Chrm/Air       ###...       2%          2    None
t - Ozocubu's Armour      Chrm/Ice       ######..     1%          3    None
w - Throw Icicle          Conj/Ice       ######..     1%          4    ###....


Dungeon Overview and Level Annotations

Branches:
Dungeon (12/15)            Temple (1/1) D:4            Lair (8/8) D:9
 Shoals (0/5) Lair:4       Spider (0/5) Lair:4        Slime (0/6) Lair:6
    Orc (3/4) D:12
    Elf: Orc:3-4

Altars:
Ashenzari
Cheibriados
Dithmenos
Elyvilon
Fedhas
Gozag
Kikubaaqudgha
Makhleb
Nemelex Xobeh
Okawaru
Qazlal
Ru
Sif Muna
Trog
Vehumet
Xom
Yredelemnul
Zin
The Shining One
Beogh

Shops:
D:4 (   D:6 }*   D:12 =   Orc:2 ?


Innate Abilities, Weirdness & Mutations

You can breathe bolts of energy.
You can dispel enchantments when you breathe energy.
Your rich purple scales are hard (AC +8).
Your body does not fit into most forms of armour.
You are cold-blooded and may be slowed by cold attacks.


Message History

You don't have the energy to cast that spell.
You hit the small abomination but do no damage.
The small abomination is almost destroyed.
The small abomination misses you.
You barely miss the small abomination.
Your tail-slap misses the small abomination.
The small abomination is almost destroyed.
The small abomination hits you!
* * * LOW HITPOINT WARNING * * *
You take 15 damage.
The small abomination barely misses you.
An orc comes into view. It is wielding a falchion.
The orc shouts!
The orc closely misses you. The orc hits you but does no damage.
You see here a club.
The orc completely misses you.
Some of the chunks of flesh in your inventory have rotted away.
The orc completely misses you. The small abomination hits you!
You die...

###### ###.##.##
##.......#
#####.......##
##.##.#......#
#.....@#.....##
####....xo......##
##.......[).#.....##
#.......).).###....##
##.......#.#........##
###......#.....^....##
##.#.......<........#.##
#...#..#.....#...#.#...#
#...#..#..........##..##


You could see a small abomination and an orc.

Vanquished Creatures
  Rupert (Lair:8)
  The ghost of karlm the Warrior, a powerful OgHu of Trog (Lair:4)
  Snorg (Lair:6)
  Josephine (Orc:3)
  4 hydras
  Fannar (Lair:3)
  An ice dragon (Lair:8)
  A catoblepas (Lair:3)
  3 death yaks (Lair:8)
  A sun demon (Orc:3)
  A giant orange brain (D:12)
  5 skeletal warriors
  An unseen horror (D:10)
  A deep elf summoner (Orc:3)
  Pikel (D:7)
  2 lindwurms (Lair:8)
  An orc knight (Orc:2)
  6 griffons
  3 hill giants
  2 oklob plants
  An ugly thing (D:11)
  A wolf spider (D:5)
  7 elephants
  Maurice (D:8)
  A siren (Lair:4)
  11 spiny frogs
  4 black mambas
  11 torpor snails (Lair:8)
  5 komodo dragons
  Psyche (D:8)
  A centaur skeleton (D:10)
  7 fire drakes
  2 deep elf priests (Orc:3)
  A wandering mushroom (Lair:7)
  3 trolls
  Sonja (Orc:3)
  A wolf spider simulacrum (D:5)
  Grinder (D:6)
  Prince Ribbit (D:4)
  A jumping spider (Lair:4)
  20 blink frogs
  3 giant leeches (Lair:8)
  A trapdoor spider zombie (D:12)
  2 spriggans (Lair:7)
  3 basilisks
  8 wyverns
  5 wraiths (Orc:3)
  A shadow (D:11)
  25 yaks
  2 deep elf magi
  2 hungry ghosts (D:9)
  A steam dragon (Lair:4)
  16 hippogriffs
  21 water moccasins
  20 wolves
  A hell hound (Lair:5)
  2 wargs
  3 ice beasts
  3 black bears
  4 phantoms
  5 porcupines
  10 ogres
  3 wasps (Lair:8)
  9 crocodiles
  3 sky beasts
  4 slaves (D:5)
  17 orc warriors
  5 centaurs
  Duvessa (D:4)
  2 boring beetles (Lair:8)
  20 giant frogs
  4 big kobolds
  7 brain worms
  Blork the orc (D:4)
  A water moccasin skeleton (D:6)
  11 wights
  16 killer bees
  4 scorpions
  4 electric eels
  Dowan (D:4)
  3 goliath beetles
  A centaur zombie (D:5)
  A wasp zombie (D:10)
  4 crimson imps
  3 quasits
  2 giant frog skeletons
  3 jellies
  A giant frog zombie (D:12)
  20 hounds
  17 orc priests
  4 iguanas
  A hell rat (Orc:3)
  9 worker ants
  50 sheep
  19 orc wizards
  Ijyb (D:3)
  2 worker ant zombies
  Robin (D:3)
  34 river rats
  33 adders
  8 gnolls
  5 giant mites
  6 shadow imps
  22 worms
  2 adder zombies
  5 giant geckos
  120 orcs
  2 bat skeletons
  17 hobgoblins
  36 kobolds
  A ball python (D:5)
  13 bats
  6 giant cockroaches
  5 giant newts
  3 giant spores
  30 goblins
  8 jackals
  A jackal zombie (D:9)
  A kobold zombie (D:6)
  9 quokkas
  20 rats
  27 ballistomycetes
  A crawling corpse (Orc:3)
  2 fungi (Lair:3)
  2 plants
932 creatures vanquished.

Vanquished Creatures (collateral kills)
  Gastronok (Lair:3)
  An iguana (Lair:3)
  A hound (D:9)
3 creatures vanquished.

Vanquished Creatures (others)
  The ghost of xeno23 the Destroyer, an experienced DrCj of Vehumet (D:8)
  2 fulminant prisms (D:8)
  A hound (D:8)
  An iguana (D:9)
  A bat (D:9)
  3 giant spores
  A kobold (D:9)
  7 fungi
  6 plants
23 creatures vanquished.

Grand Total: 958 creatures vanquished

Notes
Turn   | Place    | Note
--------------------------------------------------------------
     0 | D:1      | xeno23, the Draconian Conjurer, began the quest for the Orb.
     0 | D:1      | Reached XP level 1. HP: 14/14 MP: 3/3
   426 | D:1      | You fall through a shaft!
   437 | D:2      | Reached XP level 2. HP: 18/20 MP: 4/4
   662 | D:2      | Found a white marble altar of Elyvilon.
   667 | D:2      | Found a snail-covered altar of Cheibriados.
   669 | D:2      | Found a stormy altar of Qazlal.
   671 | D:2      | Found a burning altar of Makhleb.
   786 | D:2      | Found a shadowy altar of Dithmenos.
   803 | D:2      | Reached XP level 3. HP: 22/26 MP: 0/6
  1139 | D:2      | Reached skill level 5 in Conjurations
  1224 | D:2      | Found a snail-covered altar of Cheibriados.
  1578 | D:3      | Reached XP level 4. HP: 33/33 MP: 2/7
  2099 | D:3      | Reached skill level 6 in Conjurations
  2099 | D:3      | Reached XP level 5. HP: 36/38 MP: 6/9
  2136 | D:3      | Noticed Robin
  2189 | D:3      | Killed Robin
  2387 | D:3      | Learned a level 4 spell: Iskenderun's Mystic Blast
  2669 | D:3      | Noticed Ijyb
  2692 | D:3      | Killed Ijyb
  3047 | D:3      | Reached skill level 7 in Conjurations
  3299 | D:4      | Noticed a phantom
  3320 | D:4      | Killed a phantom
  3320 | D:4      | Reached XP level 6. HP: 22/45 MP: 0/10
  3568 | D:4      | Found Kusa Eja's Weapon Boutique.
  3751 | D:4      | Reached skill level 8 in Conjurations
  3914 | D:4      | Found a staircase to the Ecumenical Temple.
  3923 | Temple   | Entered the Ecumenical Temple
  3971 | Temple   | Became a worshipper of Vehumet
  3990 | D:4      | Noticed Blork the orc
  3999 | D:4      | Killed Blork the orc
  3999 | D:4      | Your scales start taking on a rich purple colour.
  3999 | D:4      | Reached XP level 7. HP: 35/50 MP: 0/12
  4058 | D:4      | Found an opulent altar of Gozag.
  4103 | D:4      | Noticed Duvessa
  4103 | D:4      | Noticed Dowan
  4117 | D:4      | Killed Duvessa
  4120 | D:4      | Killed Dowan
  4120 | D:4      | Reached skill level 9 in Conjurations
  4238 | D:4      | Learned a level 5 spell: Iskenderun's Battlesphere
  4331 | D:4      | Noticed Prince Ribbit
  4340 | D:5      | Entered Level 5 of the Dungeon
  4352 | D:5      | Found a bloodstained altar of Trog.
  4501 | D:5      | Reached skill level 1 in Charms
  4684 | D:5      | Noticed Pikel
  4721 | D:6      | Noticed Grinder
  4972 | D:5      | Acquired Vehumet's first power
  4972 | D:5      | Offered knowledge of Sandblast by Vehumet.
  5896 | D:5      | Reached XP level 8. HP: 52/57 MP: 2/14
  6146 | D:5      | Reached skill level 5 in Charms
  6667 | D:4      | Killed Prince Ribbit
  8148 | D:6      | Killed Grinder
  8148 | D:6      | Reached skill level 1 in Fighting
  8148 | D:6      | Reached XP level 9. HP: 58/64 MP: 5/16
  8178 | D:6      | Found Neargh's Needful Niceties.
  8254 | D:6      | Found Subou's Quality Used Wands.
  8359 | D:6      | Bought a wand of flame (0) for 11 gold pieces
  8359 | D:6      | Bought a wand of slowing (0) for 16 gold pieces
  8359 | D:6      | Bought a wand of slowing (0) for 16 gold pieces
  9360 | D:5      | Noticed a wolf spider simulacrum
  9364 | D:5      | Killed a wolf spider simulacrum
  9612 | D:5      | Found a bloodstained altar of Trog.
 10350 | D:5      | Noticed a wolf spider
 10360 | D:5      | Killed a wolf spider
 10360 | D:5      | Reached skill level 10 in Conjurations
 10889 | D:6      | Found a bloodstained altar of Trog.
 10890 | D:6      | Found a sacrificial altar of Ru.
 10987 | D:6      | Offered knowledge of Sting by Vehumet.
 11242 | D:7      | Learned a level 2 spell: Blink
 11246 | D:7      | Learned a level 2 spell: Repel Missiles
 11309 | D:7      | Killed Pikel
 11309 | D:7      | Reached skill level 5 in Fighting
 11309 | D:7      | Reached skill level 5 in Dodging
 11394 | D:7      | Reached XP level 10. HP: 81/81 MP: 10/20
 11419 | D:7      | Learned a level 3 spell: Mephitic Cloud
 11545 | D:8      | Noticed xeno23's ghost (experienced DrCj)
 11556 | D:8      | Killed xeno23's ghost
 11650 | D:8      | Noticed Maurice
 11658 | D:8      | Killed Maurice
 12510 | D:8      | Offered knowledge of Throw Frost by Vehumet.
 12885 | D:8      | Reached skill level 1 in Translocations
 13195 | D:8      | Acquired Vehumet's second power
 13224 | D:8      | Noticed Psyche
 13236 | D:8      | Killed Psyche
 13892 | D:9      | Found a staircase to the Lair.
 13896 | D:9      | Offered knowledge of Inner Flame by Vehumet.
 14236 | D:9      | Reached XP level 11. HP: 84/94 MP: 7/21
 14518 | D:9      | Found a deep blue altar of Sif Muna.
 14841 | Lair:1   | Entered Level 1 of the Lair of Beasts
 14913 | Lair:1   | Noticed a four-headed hydra
 14924 | Lair:1   | Killed a four-headed hydra
 14959 | Lair:1   | Acquired Vehumet's third power
 15186 | Lair:1   | Offered knowledge of Throw Icicle by Vehumet.
 15521 | Lair:1   | Reached skill level 11 in Conjurations
 16765 | Lair:1   | Reached skill level 5 in Translocations
 16889 | Lair:2   | Identified a scroll of acquirement
 16890 | Lair:2   | Identified the Almanac of Boosting Battle Magic (You acquired it on level 2 of the Lair of Beasts)
 18123 | Lair:2   | Offered knowledge of Fireball by Vehumet.
 18372 | Lair:3   | Reached skill level 1 in Shields
 18432 | Lair:3   | Noticed a catoblepas
 18896 | Lair:4   | Noticed karlm's ghost (powerful OgHu)
 18920 | Lair:3   | Noticed Gastronok
 18969 | Lair:3   | Killed Gastronok
 18969 | Lair:3   | Reached XP level 12. HP: 32/106 MP: 9/22
 18977 | Lair:3   | Noticed Fannar
 18981 | Lair:3   | Killed Fannar
 18981 | Lair:3   | Reached skill level 10 in Fighting
 18989 | Lair:3   | Noticed Snorg
 19344 | Lair:3   | Killed a catoblepas
 19544 | Lair:3   | Reached skill level 12 in Conjurations
 20440 | Lair:4   | Found a staircase to the Shoals.
 21206 | Lair:5   | Reached skill level 1 in Maces & Flails
 21669 | Lair:5   | Reached skill level 5 in Spellcasting
 21842 | Lair:5   | Noticed an eight-headed hydra
 21848 | Lair:5   | Reached skill level 5 in Shields
 21965 | Lair:5   | Offered knowledge of Bolt of Magma by Vehumet.
 21980 | Lair:5   | Learned a level 3 spell: Ozocubu's Armour
 22079 | Lair:5   | Reached skill level 10 in Dodging
 22179 | Lair:5   | Noticed Rupert
 22302 | Lair:5   | Reached skill level 1 in Ice Magic
 22472 | Lair:5   | Reached XP level 13. HP: 65/113 MP: 24/26
 23270 | Lair:4   | Killed karlm's ghost
 23280 | Lair:4   | Found a hole to the Spider Nest.
 24255 | Lair:6   | Offered knowledge of Delayed Fireball by Vehumet.
 24546 | Lair:6   | Found a staircase to the Slime Pits.
 24578 | Lair:6   | Killed Snorg
 24578 | Lair:6   | Reached skill level 5 in Maces & Flails
 25010 | Lair:7   | Killed an eight-headed hydra
 25637 | Lair:7   | Found a bloodstained altar of Trog.
 26398 | Lair:8   | Entered Level 8 of the Lair of Beasts
 26680 | Lair:8   | Offered knowledge of Bolt of Draining by Vehumet.
 26956 | Lair:8   | Found a snail-covered altar of Cheibriados.
 27160 | Lair:8   | Reached XP level 14. HP: 114/124 MP: 19/30
 27986 | Lair:8   | Killed Rupert
 28314 | Lair:8   | Found a runed door.
 28795 | Lair:8   | Reached skill level 5 in Ice Magic
 29942 | D:10     | Entered Level 10 of the Dungeon
 29954 | D:10     | Upgraded the game from 0.17-a0-226-ge260c71 to 0.17-a0-229-g5ae695d
 30072 | D:10     | Offered knowledge of Iron Shot by Vehumet.
 30208 | D:10     | Reached skill level 10 in Spellcasting
 33047 | D:12     | Learned a level 6 spell: Bolt of Cold
 33054 | D:12     | Learned a level 4 spell: Throw Icicle
 33388 | D:12     | Found a staircase to the Orcish Mines.
 33399 | D:12     | Found a roughly hewn altar of Beogh.
 33854 | D:12     | Found Feiz's Jewellery Shoppe.
 33978 | Orc:1    | Entered Level 1 of the Orcish Mines
 33989 | Orc:1    | Offered knowledge of Orb of Destruction by Vehumet.
 34076 | Orc:1    | Found a deep blue altar of Sif Muna.
 34809 | Orc:2    | Found Qoiplofo's Magic Scroll Shoppe.
 34820 | Orc:2    | Bought a scroll of remove curse for 39 gold pieces
 35010 | Orc:3    | Offered knowledge of Spellforged Servitor by Vehumet.
 35114 | Orc:3    | Noticed Josephine
 35124 | Orc:3    | Killed Josephine
 35137 | Orc:3    | Noticed Sonja
 35140 | Orc:3    | Killed Sonja
 35212 | Orc:3    | Noticed an orc warlord
 35266 | Orc:2    | Slain by a small abomination

Action                   |  1- 3 |  4- 6 |  7- 9 | 10-12 | 13-15 || total
-------------------------+-------+-------+-------+-------+-------++-------
Melee: Spear             |   112 |    99 |       |    15 |       ||   226
       Club              |       |   117 |   132 |       |       ||   249
       Whip              |       |       |   104 |   617 |   950 ||  1671
       Mace              |       |       |       |       |   294 ||   294
Throw: Javelin           |       |     3 |     5 |    17 |     2 ||    27
 Cast: Magic Dart        |    23 |    79 |   195 |   403 |   272 ||   972
       Iskenderun's Myst |       |     9 |    33 |   103 |   144 ||   289
       Iskenderun's Batt |       |       |     5 |    49 |    42 ||    96
       Blink             |       |       |     3 |    20 |    17 ||    40
       Mephitic Cloud    |       |       |       |    25 |    14 ||    39
       Repel Missiles    |       |       |       |     3 |     2 ||     5
       Ozocubu's Armour  |       |       |       |       |    21 ||    21
       Throw Icicle      |       |       |       |       |    14 ||    14
       Bolt of Cold      |       |       |       |       |    13 ||    13
 Abil: Breathe Dispellin |       |       |     1 |     1 |       ||     2
Evoke: Phial of floods   |       |       |       |     1 |       ||     1
       Wand              |       |       |       |     2 |     2 ||     4
  Use: Scroll            |       |     8 |    13 |    15 |    16 ||    52
       Potion            |       |       |       |     5 |     4 ||     9
 Stab: Sleeping          |       |     2 |     2 |     3 |     2 ||     9
       Distracted        |       |     1 |       |       |     1 ||     2
       Confused          |       |       |       |     4 |     2 ||     6
  Eat: Chunk             |     3 |    11 |    20 |    63 |    50 ||   147
       Royal jelly       |       |       |     1 |       |       ||     1
       Beef jerky        |       |       |     4 |     5 |     5 ||    14
       Fruit             |       |       |     1 |     2 |       ||     3
       Bread ration      |       |       |     1 |       |     1 ||     2
